 Dungeon Crawl Stone Soup version 0.23-a0-242-g2b5ca64 (console) character file.

6 Voker57 the Stinger (level 1, 0/13 HPs)
             Began as a Demonspawn Venom Mage on Sept 28, 2018.
             Slain by a leopard gecko (2 damage)
             ... on level 1 of the Dungeon.
             The game lasted 00:01:14 (493 turns).

Voker57 the Stinger (Demonspawn Venom Mage)          Turns: 493, Time: 00:01:15

Health: 0/13       AC:  2    Str:  8    XL:     1   Next: 75%
Magic:  0/3        EV: 12    Int: 16    God:
Gold:   30         SH:  0    Dex: 13    Spells: 3/4 levels left

rFire    . . .     SeeInvis .   (no weapon)
rCold    . . .     Gourm    .   (no shield)
rNeg     . . .     Faith    .   a - +0 robe
rPois    .         Spirit   .   (no helmet)
rElec    .         Reflect  .   (no cloak)
rCorr    .         Harm     .   (no gloves)
MR       .....                  (no boots)
Stlth    ++........             (no amulet)
HPRegen  0.04/turn              (no ring)
MPRegen  0.08/turn              (no ring)

@: very slightly contaminated
A: no striking features
a: no special abilities


You were on level 1 of the Dungeon.
You were not hungry.

You visited 1 branch of the dungeon, and saw 1 of its levels.

You collected 30 gold pieces.

Inventory:

Armour
 a - a +0 robe (worn)
Scrolls
 b - a scroll of identify {unknown}
 e - a scroll of fear {unknown}
 g - a scroll of enchant weapon {unknown}
Potions
 d - a potion of curing {unknown}
 h - a potion of might {unknown}
Comestibles
 c - 2 rations


   Skills:
 + Level 2.0 Dodging
 - Level 1.7 Stealth
 + Level 2.1 Spellcasting
 + Level 1.3 Conjurations
 - Level 3.0 Poison Magic


You had 3 spell levels left.
You knew the following spells:

 Your Spells              Type           Power        Failure   Level  Hunger
a - Sting                 Conj/Pois      #...         9%          1    #......

Your spell library contained the following spells:

 Spells                   Type           Power        Failure   Level  Hunger
 Poisonous Vapours        Pois/Air       #.....       17%         2    ###....
 Mephitic Cloud           Conj/Pois/Air  #.......     34%         3    ###....
 Olgreb's Toxic Radiance  Pois           ##......     52%         4    #####..
 Venom Bolt               Conj/Pois      #.........   93%         5    ######.


Dungeon Overview and Level Annotations

Branches:
Dungeon (1/15)

Altars:


Message History

The leopard gecko is almost dead.
The leopard gecko barely misses you.
You closely miss the leopard gecko.
The leopard gecko is almost dead.
The leopard gecko bites you.
You miss the leopard gecko.
The leopard gecko is almost dead.
The leopard gecko bites you.
* * * LOW HITPOINT WARNING * * *
The leopard gecko closely misses you.
You closely miss the leopard gecko.
The leopard gecko is almost dead.
The leopard gecko bites you but does no damage.
You hit the leopard gecko but do no damage.
The leopard gecko is almost dead.
The leopard gecko completely misses you.
You barely miss the leopard gecko.
The leopard gecko is almost dead.
The leopard gecko bites you.
You die...

#.........#.
#.........#. ###
######.###. ... #.###.
... #..##. ... ##.##. .
#.###############'##.
.#.#.....[..#.........##
............#.........##
#.#..l@....#..........#
............#..........#
.#.####.#.###...........
#.#.###.........#.
#.................
#.......######....
#..........# #.##.
+..........# #.##.
##.........# #....
...........# #....


You could see a leopard gecko.

Vanquished Creatures
  A giant cockroach (D:1)
  A goblin (D:1)
  2 kobolds (D:1)
  2 rats (D:1)
6 creatures vanquished.

Notes
Turn   | Place    | Note
-------+----------+-------------------------------------------
     0 | D:1      | Voker57 the Demonspawn Venom Mage began the quest for the
                  | Orb.
     0 | D:1      | Reached XP level 1. HP: 13/13 MP: 3/3
   493 | D:1      | Slain by a leopard gecko

Vault maps used:
D:1:      shiori_arrival_maze, st_stairs_10, minivault_27,
          minmay_close_crescents

Skill      XL: |  1 |
---------------+----+-----
Dodging        | 2 |  2.0
Stealth        | |  1.7
Spellcasting   | |  2.1
Conjurations   | |  1.3
Poison Magic   | |  3.0

Action                   || total
-------------------------++-------
Melee: Unarmed           ||    18
 Cast: Sting             ||    10
Armor: Robe              ||     1
Dodge: Dodged            ||    13

Table legend:
 A = Non-vault XP
 B = Vault XP
 C = Vault XP percentage of total XP
 D = Non-vault monster count
 E = Vault monster count
 F = Vault count percentage of total count
                 A         B        C        D         E       F
            +---------+---------+-------+---------+---------+-------
      Total |       6 |       3 |  33.3 |       4 |       2 |  33.3
            +---------+---------+-------+---------+---------+-------
        D:1 |       6 |       3 |  33.3 |       4 |       2 |  33.3
            +---------+---------+-------+---------+---------+-------
